 Dungeon Crawl Stone Soup version 0.27.1 (webtiles) character file.

Game seed: 2956381838648382256

242 Sabo the Shield-Bearer (level 6, 0/38 HPs)
             Began as a Gargoyle Fighter on Aug 30, 2021.
             Was a Believer of Zin.
             Slain by a hound (2 damage)
             ... on level 4 of the Dungeon.
             The game lasted 00:17:29 (4006 turns).

Sabo the Shield-Bearer (Gargoyle Fighter)           Turns: 4006, Time: 00:17:30

Health: 0/38       AC: 16    Str: 21    XL:     6   Next: 9%
Magic:  6/6        EV:  6    Int:  8    God:    Zin [**....]
Gold:   124        SH: 10    Dex: 10    Spells: 5/5 levels left

rFire    . . .     SeeInvis .   e - +2 dagger (venom)
rCold    . . .     Faith    .   c - +0 kite shield
rNeg     + . .     Spirit   .   r - +0 chain mail
rPois    ∞         Reflect  .   (no helmet)
rElec    +         Harm     .   l - +0 cloak
rCorr    .         Rampage  .   m - +0 pair of gloves
Will     .....                  (no boots)
Stlth    ..........             (no amulet)
HPRegen  0.12/turn              (no ring)
MPRegen  0.10/turn              (no ring)

@: mighty
A: sickness immunity, AC +4, negative energy resistance 1, electricity
resistance, torment resistance 1, petrification resistance
a: Renounce Religion, Recite, Vitalisation, Donate Gold


You were on level 4 of the Dungeon.
You worshipped Zin.
Zin was pleased with you.
You visited 1 branch of the dungeon, and saw 4 of its levels.
You also visited: Sewer.

You collected 137 gold pieces.
You donated 13 gold pieces to Zin.

Inventory:

Hand Weapons
 a - a +0 flail
 e - a +2 dagger of venom (weapon)
 C - a +0 hunting sling
Missiles
 f - 35 arrows
 h - 25 sling bullets
 k - 7 atropa-tipped darts (quivered)
 n - 34 poisoned darts
 y - 14 bolts
 A - 6 boomerangs
Armour
 c - a +0 kite shield (worn)
 l - a +0 cloak (worn)
 m - a +0 pair of gloves (worn)
 r - a +0 chain mail (worn)
Scrolls
 j - a scroll of enchant armour {unknown}
 o - a scroll of noise {unknown}
 p - a scroll of amnesia {unknown}
 q - 3 scrolls of fog
 s - 2 scrolls of teleportation
 v - 2 scrolls of enchant weapon
 w - a scroll of brand weapon {unknown}
Potions
 d - a potion of might
 t - 4 potions of heal wounds {unknown}
 u - 2 potions of magic {unknown}
 x - a potion of degeneration {unknown}
 z - a potion of curing {unknown}
 B - a potion of ambrosia {unknown}


   Skills:
 + Level 3.6 Fighting
 + Level 2.4 Short Blades
 + Level 2.3 Maces & Flails
 + Level 4.4 Armour
 + Level 1.0 Dodging
 + Level 4.9 Shields


You had 5 spell levels left.
You didn't know any spells.
Your spell library was empty.

Dungeon Overview and Level Annotations

Branches:
Dungeon (4/15)              Sewer (visited)
 Temple: D:4-7

Altars:
Zin

Annotations:
D:4 Pikel


Innate Abilities, Weirdness & Mutations

You are immune to sickness and miasma.
Your stone body is resilient. (AC +4)
You are immune to poison.
You resist negative energy. (rN+)
You are resistant to electric shocks. (rElec)
You are resistant to unholy torment.
You are immune to petrification.


Message History

The hound bites you but does no damage.
A ball python comes into view.
You block the lemure's attack.
Pikel hits you with a +0 whip of flaming.
Pikel burns you. You block the hound's attack.
A kobold comes into view. It is wielding a +0 dagger.
You feel very mighty all of a sudden.
The ball python hisses angrily.
The kobold shouts!
You hear a shout!
You block the hound's attack. The lemure hits you but does no damage.
Pikel hits you with a +0 whip of flaming.
Pikel burns you.
You puncture the wight!
The wight is heavily damaged.
The hound bites you but does no damage. You block the hound's attack.
The lemure barely misses you. Pikel hits you but does no damage.
The wight hits you with a +0 morningstar!
You hit the wight but do no damage.
The wight is heavily damaged.
The hound bites you. You block the lemure's attack. Pikel barely misses you.
The wight hits you with a +0 morningstar.
The hound bites you but does no damage.
You hit the wight.
The wight is severely damaged.
The hound bites you but does no damage. The lemure hits you but does no damage.
Pikel hits you with a +0 whip of flaming!
* * * LOW HITPOINT WARNING * * *
Pikel burns you.
* * * LOW HITPOINT WARNING * * *
The wight hits you but does no damage.
You hit Pikel.
Pikel looks as sick as possible!
Pikel is heavily wounded.
The hound barely misses you. You block the lemure's attack.
Pikel hits you with a +0 whip of flaming.
* * * LOW HITPOINT WARNING * * *
Pikel burns you.
* * * LOW HITPOINT WARNING * * *
The wight hits you but does no damage.
An iguana comes into view.
The hound bites you.
You die...

#.# #.# $ #.# ..
#.# ..# #.# K.#
#.###SS# #
#.#.###.h55#...l
.......z@K55#
....#######.# .


You could see Pikel (extremely poisoned), 4 lemures, an iguana (wandering), a
hound, a wight, an adder, a ball python and a kobold.

Vanquished Creatures
  A bullfrog skeleton (D:2)
  Jessica (D:3)
  5 adders
  A gnoll (D:1)
  3 river rats (Sewer)
  A worm (D:3)
  2 dart slugs
  5 orcs (D:3)
  5 endoplasms
  4 giant cockroaches
  9 goblins
  10 hobgoblins
  7 jackals (D:3)
  8 quokkas
  8 ball pythons
  3 bats
  10 frilled lizards
  5 kobolds
  6 rats
  A spectral hobgoblin (D:2)
95 creatures vanquished.

Notes
Turn   | Place    | Note
-------+----------+-------------------------------------------
     0 | D:1      | Sabo the Gargoyle Fighter began the quest for the Orb.
     0 | D:1      | Reached XP level 1. HP: 14/14 MP: 1/1
   264 | D:1      | Reached XP level 2. HP: 19/19 MP: 2/2
   430 | D:1      | Reached XP level 3. HP: 17/23 MP: 3/3
  1144 | D:2      | Found a faded altar of an unknown god.
  1326 | D:2      | Became a worshipper of Zin the Law-Giver
  1326 | D:2      | Reached * piety under Zin
  1478 | D:2      | Reached skill level 1 in Short Blades
  1478 | D:2      | Reached XP level 4. HP: 21/28 MP: 4/4
  1867 | D:2      | Reached ** piety under Zin
  2552 | D:3      | Reached XP level 5. HP: 21/32 MP: 5/5
  2926 | D:3      | Found a glowing drain.
  2943 | Sewer    | Entered a sewer
  3105 | Sewer    | Reached skill level 1 in Dodging
  3718 | D:3      | Noticed Jessica
  3724 | D:3      | Killed Jessica
  3725 | D:3      | Reached XP level 6. HP: 38/38 MP: 6/6
  3996 | D:4      | Noticed Pikel
  4006 | D:4      | Slain by a hound

Illustrated notes

Levels and vault maps discovered:
D:1:      saegor_arrival_miasma, layout_rooms
D:2:      layout_basic, dreamdust_ecumenical_altar_drowned_temple
D:3:      layout_basic, cheibrodos_sewer_entry_bend, minmay_box_of_dots,
          uniq_jessica
D:4:      layout_loops_ring, minitemple, minmay_temple_entry_offerings,
          uniq_pikel

Skill      XL: |  1  2  3  4  5 |
---------------+----------------+-----
Short Blades   | 1 2 |  2.4
Armour         | 4 |  4.4
Shields        | 4 |  4.9
Dodging        | 1 |  1.0
Fighting       | |  3.6
Maces & Flails | |  2.3

Action                   |  1- 3 |  4- 6 || total
-------------------------+-------+-------++-------
Melee: Flail             |    18 |       ||    18
       Dagger            |   100 |   212 ||   312
  Use: Scroll            |       |     4 ||     4
       Potion            |       |     1 ||     1
Armor: Scale mail        |    61 |    47 ||   108
       Chain mail        |       |    66 ||    66
Dodge: Dodged            |    26 |    51 ||    77
Block: Kite shield       |    62 |   106 ||   168
